 Dungeon Crawl Stone Soup version 0.31-a0-145-g046c7d2549 (webtiles) character file.

Game seed: 17978034166389786813

1337 qw the Skirmisher (level 8, -9/62 (70) HPs)
             Began as a Minotaur Hunter on June 7, 2023.
             Was a Follower of Okawaru.
             Mangled by a wight
             ... wielding a +3 great sword of freezing
              (20 damage)
             ... on level 6 of the Dungeon.
             The game lasted 00:01:46 (4528 turns).

qw the Skirmisher (Minotaur Hunter)                 Turns: 4528, Time: 00:01:47

HP:   -9/62 (70)    AC: 10    Str: 16    XL:     8   Next: 35%
MP:   8/10          EV: 15    Int:  8    God:    Okawaru [*.....]
Gold: 276           SH:  0    Dex: 17    Spells: 7/7 levels left

rFire   . . .        Y - +0 shortbow (flame)
rCold   + + .        (shield currently unavailable)
rNeg    . . .        k - +4 ring mail of Inemog {+Blink rC+ Str+3 Int-4}
rPois   .            (helmet restricted)
rElec   .            (no cloak)
rCorr   .            (no gloves)
SInv    .            (no boots)
Will    .....        a - amulet of faith
Stlth   +++          l - ring of protection from cold
HPRegen 0.30/turn    b - +6 ring of intelligence
MPRegen 0.12/turn

%: faith
@: about to teleport, heroic, heavily drained
A: horns 2, retaliatory headbutt, hooves 1, weak 1
a: Renounce Religion, Evoke Blink, Heroism


You were on level 6 of the Dungeon.
You worshipped Okawaru.
Okawaru was aware of your devotion.
You visited 2 branches of the dungeon, and saw 7 of its levels.
You also visited: Sewer.

You collected 276 gold pieces.


Innate Abilities, Weirdness & Mutations

You have a pair of horns on your head.
You reflexively headbutt those who attack you in melee.
You have large cloven feet.
You are weak. (Str -2)


   Skills:
 - Level 6.2(11.2) Fighting
 + Level 9.3(14.3) Ranged Weapons
 - Level 2.0(7.0) Armour
 - Level 3.0(8.0) Dodging
 - Level 0.7(5.7) Stealth
 - Level 4.0 Invocations


You had 7 spell levels left.
You didn't know any spells.
Your spell library was empty.

Inventory:

Hand Weapons
 Y - a +0 shortbow of flaming (weapon)
Armour
 k - the +4 ring mail of Inemog (worn) {+Blink rC+ Str+3 Int-4}
   (You found it on level 3 of the Dungeon)

   Str:       It affects your strength (+3).
   Int:       It affects your intelligence (-4).
   rC:        It protects you from cold.
   +Blink:    It lets you blink.
Jewellery
 a - an amulet of faith (around neck)
 b - a +6 ring of intelligence (right hand)
 d - a ring of positive energy
 l - a ring of protection from cold (left hand)
 n - an amulet of the acrobat
Wands
 i - a wand of digging (5)
Scrolls
 e - 2 scrolls of teleportation
 f - 2 scrolls of identify
Potions
 g - a potion of haste
 h - 2 potions of heal wounds
 j - a potion of brilliance {unknown}

Dungeon Overview and Level Annotations

Branches:
Dungeon (6/15)             Temple (1/1) D:4           Sewer (visited)

Altars:
Cheibriados
Dithmenos
Elyvilon
Fedhas
Hepliaklqana
Kikubaaqudgha
Makhleb
Nemelex Xobeh
Okawaru
Qazlal
Sif Muna
Trog
Uskayaw
Vehumet
Xom
Yredelemnul
The Shining One

Annotations:
D:4 1 runed translucent door, Crazy Yiuf


Message History

A wight comes into view.
It is wielding a +4 hand axe of freezing.
The wight hits you with a +4 scimitar!
You feel drained.
You shoot an arrow. The arrow hits the wight.
The arrow burns the wight.
The wight is moderately damaged.
A wight comes into view. It is wielding a +3 war axe.
You shoot an arrow. The arrow closely misses the wight.
A wight comes into view. It is wielding a +0 spear.
The wight barely misses you.
You shoot an arrow. The arrow hits the wight.
The arrow burns the wight.
The wight is heavily damaged.
The wight closely misses you. You furiously retaliate!
You headbutt the wight.
The wight hits you with a +4 hand axe of freezing.
You feel drained.
4523 ||| INVOKING Heroism.
You gain the combat prowess of a mighty hero.
The wight barely misses you. The wight misses you.
The wight hits you with a +4 hand axe of freezing.
You shoot an arrow. The arrow closely misses the wight.
You shoot an arrow. The arrow closely misses the wight.
The wight hits you with a +3 war axe! The wight misses you.
The wight barely misses you. You furiously retaliate!
You headbutt the wight!
You destroy the wight!
Okawaru accepts your kill. The wight barely misses you.
You shoot an arrow. The arrow hits the wight.
The arrow burns the wight.
The wight is lightly damaged.
The wight hits you with a +4 hand axe of freezing.
The wight closely misses you. The wight hits you with a +3 war axe.
You feel drained.
You shoot an arrow. The arrow barely misses the wight.
The wight hits you with a +4 hand axe of freezing.
You feel drained. The wight freezes you.
The wight hits you from afar with a +0 spear.
4528 ||| READING 3 scrolls of teleportation.
As you read the scroll of teleportation, it crumbles to dust.
You feel strangely unstable.
The wight hits you with a +4 hand axe of freezing.
The wight completely misses you. The wight barely misses you.
The wight hits you with a +3 great sword of freezing!!
You die...

...# ##.#'#######. ...#
#...~~...##.....# #. ...#
#..~~~~..#......# #. ...# ##
..~¤~~..#......# #. ...+ .....
..~~¤..#......# #. ...###.....#
..... #......# #. ...+.......##
z.. ##......# #.
...##.......####z###.......#####'
....#..........z@z...............
....#............................
.................................
.>............########...........
....##........## #...........
..........###..### #...#.......
#+#.#####)####..)#####...#..#####
#.#....).................#?.#....
#.....)...#########.##...#..#....


You could see 4 wights.

Vanquished Creatures
  2 water moccasins
  An ice beast (D:5)
  2 black bears
  An ogre (D:4)
  A centaur (D:6)
  A phantom (D:5)
  A wight (D:6)
  3 orc priests
  4 iguanas
  Natasha (thrice) (D:2)
  3 orc wizards
  A gnoll (D:1)
  5 adders
  A shadow imp (D:6)
  3 white imps
  2 ufetubi
  2 dart slugs
  17 orcs
  6 ball pythons
  8 bats
  2 endoplasms (D:3)
  A giant cockroach (D:5)
  10 hobgoblins
  7 jackals
  3 kobolds
  9 quokkas
  14 frilled lizards
  8 goblins
  9 rats
130 creatures vanquished.

Notes
Turn   | Place    | Note
-------+----------+-------------------------------------------
     0 | D:1      | qw the Minotaur Hunter began the quest for the Orb.
     0 | D:1      | Reached XP level 1. HP: 18/18 MP: 0/0
     0 | D:1      | 0 ||| qw: Version: 0.2-a-117-gc6b5c8b
     0 | D:1      | 0 ||| qw: Game counter: 2522
     0 | D:1      | 0 ||| qw: Always use a shield: true
     0 | D:1      | 0 ||| qw: God list: Okawaru
     0 | D:1      | 0 ||| qw: Allow faded altars: false
     0 | D:1      | 0 ||| qw: Do Orc after D:15 true
     0 | D:1      | 0 ||| qw: Do second Lair branch before Depths: true
     0 | D:1      | 0 ||| qw: Lair rune preference: random
     0 | D:1      | 0 ||| qw: Plans: Normal
     0 | D:1      | 0 ||| PLANNING D:1-11
    57 | D:1      | Reached XP level 2. HP: 25/25 MP: 1/1
   102 | D:1      | Reached skill level 5 in Ranged Weapons
   240 | D:1      | Reached XP level 3. HP: 30/30 MP: 2/2
   363 | D:1      | Reached skill level 3 in Fighting
   466 | D:1      | 466 ||| UPGRADING to ring of positive energy.
   467 | D:1      | 467 ||| READING scroll labelled FYAHIOFY MAHE.
   468 | D:1      | 468 ||| READING 2 scrolls labelled TINEOWO JA POD.
   473 | D:1      | 473 ||| READING scroll labelled FEOWUUTHRUO.
   474 | D:1      | 474 ||| DROPPING scroll of butterflies.
   494 | D:2      | Noticed Natasha
   498 | D:2      | 498 ||| Stepping ~*~*~tactically~*~*~ (outnumbered).
   500 | D:2      | 500 ||| Stepping ~*~*~tactically~*~*~ (outnumbered).
   502 | D:2      | Killed Natasha
   595 | D:2      | Reached XP level 4. HP: 38/38 MP: 3/3
   610 | D:2      | Reached skill level 6 in Ranged Weapons
   780 | D:2      | Noticed Natasha
   785 | D:2      | Killed Natasha
   811 | D:2      | Noticed Natasha
   815 | D:2      | Killed Natasha
  1141 | D:2      | 1141 ||| UPGRADING to amulet of faith.
  1188 | D:3      | Found a blossoming altar of Fedhas.
  1194 | D:3      | Reached XP level 5. HP: 47/47 MP: 4/4
  1719 | D:3      | Identified the +4 ring mail of Inemog {+Blink rC+ Str+3
                  | Int-4}
  1756 | D:3      | 1756 ||| UPGRADING to +4 ring mail of Inemog {+Blink rC+
                  | Str+3 Int-4}.
  1766 | D:3      | 1766 ||| DROPPING +0 leather armour.
  1767 | D:3      | 1767 ||| UPGRADING to +6 ring of intelligence.
  1768 | D:3      | 1768 ||| UPGRADING to ring of protection from cold.
  1770 | D:3      | 1770 ||| READING scroll labelled SERCHA KOAHUISM.
  1771 | D:3      | 1771 ||| READING scroll labelled NORODWYNUK.
  1772 | D:3      | 1772 ||| READING scroll labelled NUAKAM SURE.
  1850 | D:4      | 1850 ||| READING scroll of brand weapon.
  1850 | D:4      | 1850 ||| BRANDING +0 shortbow of draining.
  1918 | D:4      | Found a runed translucent door.
  1919 | D:4      | Noticed Crazy Yiuf
  2035 | D:4      | Found a staircase to the Ecumenical Temple.
  2036 | D:4      | 2036 ||| PLANNING TEMPLE
  2036 | D:4      | 2036 ||| DRINKING 2 bubbling puce potions.
  2047 | Temple   | Entered the Ecumenical Temple
  2091 | Temple   | 2091 ||| PLANNING OKAWARU WORSHIP
  2106 | Temple   | Became a worshipper of Warmaster Okawaru
  2106 | Temple   | 2106 ||| PLANNING D:1-11
  2144 | D:4      | 2144 ||| FLEEEEING.
  2145 | D:4      | 2145 ||| FLEEEEING.
  2146 | D:4      | 2146 ||| FLEEEEING.
  2147 | D:4      | 2147 ||| FLEEEEING.
  2148 | D:4      | 2148 ||| FLEEEEING.
  2149 | D:4      | 2149 ||| FLEEEEING.
  2150 | D:4      | 2150 ||| FLEEEEING.
  2151 | D:4      | 2151 ||| FLEEEEING.
  2152 | D:4      | 2152 ||| FLEEEEING.
  2153 | D:4      | 2153 ||| FLEEEEING.
  2154 | D:4      | 2154 ||| FLEEEEING.
  2155 | D:4      | 2155 ||| FLEEEEING.
  2156 | D:4      | 2156 ||| FLEEEEING.
  2157 | D:4      | 2157 ||| STAIRDANCE
  2194 | D:4      | Reached skill level 1 in Armour
  2194 | D:4      | 2194 ||| STAIRDANCE
  2251 | D:4      | Noticed an ogre
  2255 | D:4      | Killed an ogre
  2256 | D:4      | Reached skill level 7 in Ranged Weapons
  2256 | D:4      | Reached XP level 6. HP: 53/53 MP: 5/5
  2317 | D:4      | Found a shimmering altar of Xom.
  2319 | D:4      | 2319 ||| READING scroll labelled PEOGRU AFEEVU.
  2321 | D:4      | Found a white marble altar of Elyvilon.
  2410 | D:4      | Reached * piety under Okawaru
  2622 | D:5      | Entered Level 5 of the Dungeon
  2622 | D:5      | Noticed an ice beast
  2623 | D:5      | 2623 ||| PLANNING SEWER
  2628 | D:5      | Killed an ice beast
  2629 | D:5      | Reached skill level 8 in Ranged Weapons
  2629 | D:5      | 2629 ||| STAIRDANCE
  2938 | D:5      | Reached XP level 7. HP: 60/60 MP: 6/6
  2954 | D:5      | Found a glowing drain.
  2955 | D:5      | 2955 ||| DRINKING 2 murky black potions.
  2955 | D:5      | Gained mutation: You occasionally lose the ability to read
                  | scrolls when taking damage. [potion of mutation]
  2955 | D:5      | Gained mutation: Your movements are slightly less
                  | encumbered by armour. (ER -2) [potion of mutation]
  2956 | D:5      | 2956 ||| DRINKING potion of mutation.
  2956 | D:5      | Lost mutation: Your movements are slightly less encumbered
                  | by armour. (ER -2) [potion of mutation]
  2956 | D:5      | Lost mutation: You occasionally lose the ability to read
                  | scrolls when taking damage. [potion of mutation]
  2956 | D:5      | Gained mutation: You are weak. (Str -2) [potion of
                  | mutation]
  2956 | D:5      | Gained mutation: You have large cloven feet. [potion of
                  | mutation]
  2968 | D:5      | Reached skill level 1 in Invocations
  2969 | D:5      | 2969 ||| INVOKING Heroism.
  3036 | Sewer    | Entered a sewer
  3091 | Sewer    | 3091 ||| INVOKING Heroism.
  3276 | Sewer    | 3276 ||| DRINKING 2 fuming sapphire potions.
  3303 | Sewer    | 3303 ||| DRINKING 2 dark potions.
  3304 | Sewer    | 3304 ||| DROPPING potion of lignification.
  3322 | D:5      | 3322 ||| PLANNING D:1-11
  3363 | D:5      | Reached skill level 3 in Dodging
  3603 | D:5      | 3603 ||| READING scroll of brand weapon.
  3603 | D:5      | 3603 ||| BRANDING +0 heavy shortbow.
  3626 | D:5      | 3626 ||| INVOKING Heroism.
  3629 | D:5      | Reached skill level 3 in Invocations
  3700 | D:5      | 3700 ||| READING 2 scrolls labelled ROGEGG JITUXE.
  3701 | D:5      | 3701 ||| READING scroll labelled DOERUA WI XAOM.
  3702 | D:5      | 3702 ||| DRINKING 2 green potions.
  3703 | D:5      | 3703 ||| DRINKING 2 pink potions.
  3704 | D:5      | 3704 ||| DROPPING potion of attraction.
  3705 | D:5      | 3705 ||| DROPPING potion of enlightenment.
  3707 | D:5      | 3707 ||| Stepping ~*~*~tactically~*~*~ (cloud).
  3791 | D:6      | 3791 ||| INVOKING Heroism.
  3796 | D:6      | Reached XP level 8. HP: 68/68 MP: 6/9
  3883 | D:6      | 3883 ||| INVOKING Heroism.
  3884 | D:6      | 3884 ||| Stepping ~*~*~tactically~*~*~ (outnumbered).
  3896 | D:6      | Reached skill level 9 in Ranged Weapons
  3997 | D:6      | 3997 ||| INVOKING Heroism.
  4088 | D:6      | Found a bloodstained altar of Trog.
  4091 | D:6      | Found a stormy altar of Qazlal.
  4098 | D:6      | Found a radiant altar of Vehumet.
  4098 | D:6      | Found a shimmering blue altar of Sif Muna.
  4271 | D:6      | 4271 ||| INVOKING Heroism.
  4278 | D:6      | Reached skill level 6 in Fighting
  4523 | D:6      | 4523 ||| INVOKING Heroism.
  4527 | D:6      | HP: 14/62 [wight/+0 spear (2)]
  4528 | D:6      | 4528 ||| READING 3 scrolls of teleportation.
  4528 | D:6      | Mangled by a wight

Levels and vault maps discovered:
D:1:      evilmike_arrival_come_back, layout_rooms
D:2:      kennysheep_big_flooded_room, layout_basic, uniq_natasha
D:3:      layout_loops_ring, fedhas_altar_1
D:4:      layout_rooms, jmf_multi_god_temple, temple_statues,
          uniq_crazy_yiuf_cottage
D:5:      layout_loops_cross, gup_sewer_entry_glass, serial_demonic,
          serial_demonic_c, serial_demonic_d, serial_demonic_c, serial_demonic_f
D:6:      layout_basic, grunt_temple_overflow_open, minmay_misc_feat_room,
          kennysheep_another_room, minmay_lizard_king, uniq_edmund
Temple:   zaba_magenta_temple

Skill      XL: |  1  2  3  4  5  6  7  8 |
---------------+-------------------------+-----
Ranged Weapons | 5 6 7 8 9 |  9.3
Fighting       | 3 4 5 6 |  6.2
Armour         | 1 2 |  2.0
Invocations    | 3 4 |  4.0
Dodging        | 3 |  3.0
Stealth        | |  0.7

Action                     |  1- 3 |  4- 6 |  7- 9 || total
---------------------------+-------+-------+-------++-------
   Fire: Shortbow          |    67 |   131 |   117 ||   315
 Invoke: Heroism           |       |       |     8 ||     8
    Use: Scroll            |     3 |     5 |     4 ||    12
         Potion            |       |     1 |     6 ||     7
 Armour: Leather armour    |     2 |     6 |       ||     8
         Ring mail         |       |    17 |    24 ||    41
  Dodge: Dodged            |    12 |    21 |    36 ||    69

Table legend:
 A = Non-vault XP
 B = Vault XP
 C = Vault XP percentage of total XP
 D = Non-vault monster count
 E = Vault monster count
 F = Vault count percentage of total count
                 A         B        C        D         E       F
            +---------+---------+-------+---------+---------+-------
      Total |    1506 |     404 |  21.2 |     105 |      25 |  19.2
            +---------+---------+-------+---------+---------+-------
        D:1 |      53 |       0 |   0.0 |      23 |       0 |   0.0
        D:2 |     101 |      39 |  27.9 |      21 |       3 |  12.5
        D:3 |      67 |       0 |   0.0 |      17 |       0 |   0.0
        D:4 |     159 |     128 |  44.6 |      19 |       2 |   9.5
        D:5 |     584 |      46 |   7.3 |      10 |       5 |  33.3
        D:6 |     542 |      47 |   8.0 |      15 |      12 |  44.4
      Sewer |       0 |     144 | 100.0 |       0 |       3 | 100.0
            +---------+---------+-------+---------+---------+-------
